 Dungeon Crawl Stone Soup version 0.31-a0-986-g5e6e4ef867 (webtiles) character file.

Game seed: 1823248392358770398

2 horus123 the Digger (level 1, 0/10 HPs)
             Began as a Deep Elf Earth Elementalist on Nov 24, 2023.
             Slain by a jackal (3 damage)
             ... on level 1 of the Dungeon.
             The game lasted 00:00:15 (127 turns).

horus123 the Digger (Deep Elf Earth Elementalist)    Turns: 127, Time: 00:00:15

Health: 0/10       AC:  2    Str:  5    XL:     1   Next: 25%
Magic:  4/6        EV: 12    Int: 19    God:
Gold:   43         SH:  0    Dex: 15    Spells: 5/6 levels left

rFire   . . .        (no weapon)
rCold   . . .        (no shield)
rNeg    . . .        a - +0 robe
rPois   .            (no helmet)
rElec   .            (no cloak)
rCorr   .            (no gloves)
SInv    .            (no boots)
Will    .....        (no amulet)
Stlth   ++           (no ring)
HPRegen 0.21/turn    (no ring)
MPRegen 0.10/turn

%: no passive effects
@: no status effects
A: no striking features
a: no special abilities


You were on level 1 of the Dungeon.
You visited 1 branch of the dungeon, and saw 1 of its levels.

You collected 43 gold pieces.

Inventory:

Armour
 a - a +0 robe (worn)
Scrolls
 d - a scroll of vulnerability {unknown}
Potions
 b - a potion of magic
 c - a potion of brilliance {unknown}


   Skills:
 - Level 2.4 Dodging
 - Level 2.4 Stealth
 + Level 3.2 Spellcasting
 - Level 1.1 Transmutations
 - Level 3.2 Earth Magic


You had 5 spell levels left.
You knew the following spells:

 Your Spells              Type           Power      Damage    Failure   Level
a - Sandblast             Erth           30%        2d9       3%          1

Your spell library contained the following spells:

 Spells                   Type           Power      Damage    Failure   Level
 Passwall                 Tmut/Erth      9%         N/A       9%          2
 Stone Arrow              Conj/Erth      18%        3d8       22%         3
 Petrify                  Tmut/Erth      11%        N/A       52%         4
 Brom's Barrelling Bould  Conj/Erth      9%         2d3       58%         4


Dungeon Overview and Level Annotations

Branches:
Dungeon (1/15)

Altars:


Message History

Found a whip.
Things that are here:
a +0 dagger; 4 stones You now have 43 gold pieces (gained 10).
You see here a +0 whip.
A quokka comes into view.
The blast of sand hits the quokka.
The quokka is heavily wounded.
A quokka is nearby!
The blast of sand hits the quokka.
You kill the quokka!
d - a scroll labelled TOQAUMPUCO HUAFAE A kobold comes into view.
It is wielding a +0 whip.
The kobold shouts!
A frilled lizard comes into view.
The frilled lizard hisses angrily.
A bat comes into view.
A jackal comes into view.
The bat moves out of view.
The blast of sand misses the kobold.
A jackal comes into view.
The kobold barely misses you. x2
The blast of sand misses the frilled lizard.
The jackal barks!
The frilled lizard closely misses you. The kobold closely misses you.
The blast of sand misses the frilled lizard.
The frilled lizard bites you. The kobold closely misses you.
The jackal barely misses you. The frilled lizard bites you.
The kobold hits you with a +0 whip.
You are too injured to fight recklessly!
Unknown command.
The jackal attacks as it pursues you! The jackal barely misses you.
The frilled lizard attacks as it pursues you!
The frilled lizard completely misses you.
The jackal misses you. The bat barely misses you.
The jackal attacks as it pursues you! The jackal bites you.
* * * LOW HITPOINT WARNING * * *
The jackal barely misses you. The jackal attacks as it pursues you!
The jackal bites you.
You die...

#### #.#
.....####.#####
..............#
....?.........#
####......l...#
#######K.###
##bh# ##.####
#.h@.## ####..#
##.###
#...#######
#####........
#........####
#.......†#
#........# #.
#........####
#.


You could see a jackal, a bat and a kobold.

Vanquished Creatures
  A quokka (D:1)
  A kobold (D:1)
2 creatures vanquished.

Notes
Turn   | Place    | Note
-------+----------+-------------------------------------------
     0 | D:1      | horus123 the Deep Elf Earth Elementalist began the quest
                  | for the Orb.
     0 | D:1      | Reached XP level 1. HP: 10/10 MP: 6/6
   127 | D:1      | Slain by a jackal

Illustrated notes

Levels and vault maps discovered:
D:1:      minmay_arrival_four_houses, layout_basic, serial_shops,
          nicolae_shop_drivethru, minmay_tromino_v4_c

Action                     || total
---------------------------++-------
   Cast: Sandblast         ||     6
 Armour: Robe              ||     5
  Dodge: Dodged            ||    11

Table legend: (Time is in decaauts)
 A = Elapsed time spent in this place.
 B = Non-inter-level travel time spent in this place.
 C = Inter-level travel time spent in this place.
 D = Time resting spent in this place.
 E = Time spent auto-exploring this place.
 F = Levels seen in this place.
 G = Mean time per level.
                   A        B        C        D        E       F      G
               +--------+--------+--------+--------+--------+-----+--------+
         Total |    130 |    130 |      0 |      0 |    101 |   1 |  130.0 |
       Dungeon |    130 |    130 |      0 |      0 |    101 |   1 |  130.0 |
               +--------+--------+--------+--------+--------+-----+--------+

Top non-repeatable levels by time:
     D:1: 130 daAuts
